 Dungeon Crawl Stone Soup version 0.31-a0-569-g7ea453304b (webtiles) character file.

Game seed: 7068118964140498882

1822 Ethylacetat the Insei (level 9, -3/61 HPs)
             Began as an Octopode Gladiator on Aug 18, 2023.
             Was an Initiate of Gozag.
             Slain by an orc
             ... wielding a +0 spear
              (4 damage)
             ... in a bailey.
             The game lasted 00:13:27 (5957 turns).

Ethylacetat the Insei (Octopode Gladiator)          Turns: 5957, Time: 00:13:29

Health: -3/61      AC:  5    Str: 14    XL:     9   Next: 10%
Magic:  9/9        EV: 16    Int: 10    God:    Gozag
Gold:   989        SH:  5    Dex: 17    Spells: 8/8 levels left

rFire   . .          .
                       - Unarmed
rCold   . . .        (no shield)
rNeg    . . .        a - +0 hat
rPois   .            i - amulet of reflection
rElec   .            m - +4 ring of protection
rCorr   .            (no ring)
SInv    .            (no ring)
Will    .....        (no ring)
Stlth   ++++         (no ring)
HPRegen 0.30/turn    (no ring)
MPRegen 0.11/turn    (no ring)
                     (no ring)

%: reflection
@: gold aura
A: almost no armour, amphibious, 8 rings, camouflage 1, gelatinous body 1,
nimble swimmer 1, tentacles
a: Renounce Religion, Potion Petition, Call Merchant, Bribe Branch


You were in a bailey.
You worshipped Gozag.
Gozag was pleased with you.
You visited 1 branch of the dungeon, and saw 7 of its levels.
You also visited: Bailey.

You collected 989 gold pieces.

Inventory:

Missiles
 b - 3 throwing nets
Armour
 a - a +0 hat (worn)
Jewellery
 i - an amulet of reflection (around mantle)
 m - a +4 ring of protection (left tentacle)
Talismans
 o - a maw talisman
Scrolls
 d - a scroll of blinking {unknown}
 e - a scroll of torment {unknown}
 g - 2 scrolls of noise {unknown}
 h - 2 scrolls of fear {unknown}
 j - 4 scrolls of identify {unknown}
 k - a scroll of fog {unknown}
 n - 2 scrolls of teleportation {unknown}
 t - a scroll of silence {unknown}
 u - 2 scrolls of amnesia {unknown}
Potions
 f - 2 potions of cancellation {unknown}
 l - a potion of ambrosia {unknown}
 p - 5 potions of attraction {unknown}
 q - a potion of lignification {unknown}
 s - a potion of haste {unknown}
 w - 2 potions of brilliance {unknown}
 x - a potion of curing {unknown}


   Skills:
 + Level 5.6 Fighting
 - Level 2.0 Throwing
 + Level 6.0 Dodging
 + Level 6.0 Unarmed Combat
 * Level 5.6 Shapeshifting


You had 8 spell levels left.
You didn't know any spells.
Your spell library contained the following spells:

 Spells                   Type           Power      Damage    Failure   Level
 Freeze                   Ice            0%         1d3       36%         1
 Summon Small Mammal      Summ           0%         N/A       36%         1
 Cigotuvi's Dreadful Rot  Necr/Pois/Air  0%         N/A       50%         2
 Call Canine Familiar     Summ           0%         N/A       75%         3
 Frozen Ramparts          Ice            0%         1d1       75%         3
 Hailstorm                Conj/Ice       0%         3d3       75%         3
 Ignite Poison            Fire/Tmut/Pois 0%         N/A       75%         3
 Summon Guardian Golem    Hex/Summ       0%         N/A       75%         3
 Tukima's Dance           Hex            0%         N/A       75%         3
 Dispel Undead            Necr           0%         3d6       98%         4
 Passage of Golubria      Tloc           0%         N/A       98%         4
 Sticky Flame             Conj/Fire      0%         2d3       98%         4
 Yara's Violent Unravell  Hex/Tmut       0%         3d3       100%        5
 Death Channel            Necr           0%         N/A       100%        6
 Haunt                    Necr/Summ      0%         N/A       100%        7
 Ignition                 Fire           0%         3d3       100%        8
 Infestation              Necr           0%         N/A       100%        8
 Animate Dead             Necr           Unusable   N/A       N/A         4

Dungeon Overview and Level Annotations

Branches:
Dungeon (7/15)             Temple (0/1) D:5          Bailey (1/1)

Altars:
Ashenzari
Cheibriados
Gozag
Trog

Shops:
D:3 ?


Innate Abilities, Weirdness & Mutations

You cannot wear most types of armour.
You are amphibious.
You can wear up to eight rings at the same time.
Your skin changes colour to match your surroundings (Stealth+).
Your rubbery body absorbs attacks. (AC +1, EV +1)
You are camouflaged when in or above water. (Stealth+)
You have tentacles for arms and can constrict up to eight enemies at once.


Message History

The orc knight hits you with a +0 trident.
You tentacle-slap the orc knight but do no damage.
You squeeze the orc knight, but do no damage.
The orc knight is almost dead.
You constrict the orc knight, but do no damage.
The orc closely misses you.
The orc knight struggles to escape constriction.
The orc warrior barely misses you.
You tentacle-slap the orc knight but do no damage.
You squeeze the orc knight.
The orc knight is almost dead.
You constrict the orc knight. The orc closely misses you.
The orc knight misses you. The orc warrior barely misses you.
You tentacle-slap the orc knight but do no damage.
You squeeze the orc knight.
The orc knight is almost dead.
You constrict the orc knight, but do no damage.
The orc misses you.
You tentacle-slap the orc knight but do no damage.
The orc knight is almost dead.
You constrict the orc knight. You block the orc warrior's attack.
The orc knight struggles to escape constriction.
The orc hits you from afar with a +0 spear.
Unknown command.
You tentacle-slap the orc knight but do no damage.
The orc knight is almost dead.
You constrict the orc knight.
The orc warrior hits you from afar with a +0 bardiche.
The orc knight struggles to escape constriction.
You block the orc's attack.
Unknown command.
You tentacle-slap the orc knight but do no damage.
You squeeze the orc knight.
You kill the orc knight!
The orc warrior no longer looks unusually strong.
The orc warrior hits you from afar with a +0 bardiche!!
* * * LOW HITPOINT WARNING * * *
The orc hits you from afar with a +0 spear.
You die...
Your body crumbles into a pile of gold.

#o.########..#
##...8....8...#
#...oo......... #
#♣♣♣♣#$.####''####.$ .##
#≈≈..####........####..#
#≈≈≈).$$...(...........#
#≈≈≈≈)oo$........♣....♣
#≈≈≈≈≈≈$..#....#.).♣♣♣
#≈≈≈≈≈≈≈@≈#....#≈≈≈≈≈♣♣#
#♣♣≈≈≈≈≈≈≈#...)#≈≈≈≈≈≈≈#
♣.≈≈≈≈≈≈#....#≈≈≈≈≈≈≈#
♣...≈≈≈≈#....#≈≈≈≈≈≈≈#
♣♣......#....#....≈≈≈#
♣♣................≈≈#
###.♣♣.......♣.♣..♣#
#.♣............♣♣
#............###


You could see an orc warrior and an orc (strong).

Vanquished Creatures
  An orc knight (Bailey)
  A water moccasin (D:6)
  4 orc warriors (Bailey)
  2 ice beasts (D:5)
  A black bear (D:5)
  An ogre (D:6)
  A phantom (D:4)
  A kobold brigand (D:6)
  A scorpion (D:4)
  A jelly (D:5)
  2 gnoll boudas (D:6)
  3 orc priests
  3 hounds
  4 iguanas
  3 orc wizards
  12 gnolls
  7 adders
  A white imp (D:5)
  3 ufetubi
  3 worms
  3 dart slugs
  25 orcs
  4 bats
  8 endoplasms
  4 giant cockroaches
  10 goblins
  5 hobgoblins
  4 jackals (D:1)
  5 quokkas
  6 ball pythons
  5 frilled lizards
  6 kobolds
  5 rats
145 creatures vanquished.

Notes
Turn   | Place    | Note
-------+----------+-------------------------------------------
     0 | D:1      | Ethylacetat the Octopode Gladiator began the quest for the
                  | Orb.
     0 | D:1      | Reached XP level 1. HP: 14/14 MP: 1/1
    28 | D:1      | Reached XP level 2. HP: 10/19 MP: 2/2
   235 | D:1      | Reached XP level 3. HP: 25/25 MP: 3/3
  1391 | D:2      | Found a faded altar of an unknown god.
  1395 | D:2      | Prayed at the altar of an unknown god.
  1395 | D:2      | Became a worshipper of Gozag Ym Sagoz the Greedy
  1494 | D:3      | Found Romabami's Magic Scroll Shoppe.
  1524 | D:3      | Reached XP level 4. HP: 27/30 MP: 4/4
  1695 | D:3      | Reached skill level 1 in Shapeshifting
  1753 | D:3      | Found a broken altar of Ashenzari.
  1808 | D:3      | Found a bloodstained altar of Trog.
  2101 | D:4      | Reached XP level 5. HP: 20/36 MP: 5/5
  2620 | D:4      | Reached XP level 6. HP: 38/42 MP: 6/6
  2944 | D:5      | Entered Level 5 of the Dungeon
  3033 | D:5      | Found a snail-covered altar of Cheibriados.
  3141 | D:5      | Found a staircase to the Ecumenical Temple.
  3153 | D:5      | Reached XP level 7. HP: 19/47 MP: 7/7
  3780 | D:5      | Reached skill level 5 in Unarmed Combat
  4222 | D:5      | Reached XP level 8. HP: 32/54 MP: 8/8
  4225 | D:5      | Reached skill level 5 in Dodging
  4800 | D:6      | Reached skill level 5 in Fighting
  5498 | D:7      | Reached skill level 5 in Shapeshifting
  5569 | D:7      | Found a flagged portal.
  5604 | Bailey   | Entered a bailey
  5709 | Bailey   | Reached XP level 9. HP: 57/61 MP: 9/9
  5745 | Bailey   | Noticed an orc knight
  5957 | Bailey   | Killed an orc knight
  5957 | Bailey   | HP: 1/61 [orc warrior/+0 bardiche (24)]
  5957 | Bailey   | Slain by an orc

Illustrated notes

Levels and vault maps discovered:
D:1:      dpeg_arrival_ternary, layout_rooms, serial_aquarium,
          aquarium_bridge_square [aquarium_subvault_window,
          aquarium_subvault_bridge, aquarium_subvault_window,
          aquarium_subvault_bridge], aquarium_bridge_island_small
          [aquarium_subvault_small_open, aquarium_subvault_window,
          aquarium_subvault_bridge, aquarium_subvault_wall,
          aquarium_subvault_wall], aquarium_window_fake, aquarium_window_3,
          aquarium_window_1, aquarium_window_1, aquarium_view_2d,
          aquarium_pool_2
D:2:      layout_basic, shapermc_ecumenical_altar_hornbeckon
D:3:      layout_rooms, general_overflow_altar, lightli_temple_of_fire,
          serial_shops, nicolae_shop_crystal
D:4:      layout_cave_pods
D:5:      layout_loops_corners, mainiacjoe_overflow_brackets,
          minmay_temple_entry_trees
D:6:      layout_basic, serial_glass, glass_columns_b, glass_columns_b,
          feat_on_display, due_unseen_surprise, feat_on_display
D:7:      layout_basic, enter_bailey_5, nicolae_concentric_dashed_squares_wild,
          serial_bayou_pond_c
Bailey:   bailey_polearm_elven_captive_hellmonk, bailey

Skill      XL: |  1  2  3  4  5  6  7  8  9 |
---------------+----------------------------+-----
Fighting       | 3 4 5 |  5.6
Shapeshifting  | 1 2 3 4 5 |  5.6
Unarmed Combat | 4 5 6 |  6.0
Dodging        | 4 5 6 |  6.0
Throwing       | |  2.0

Action                     |  1- 3 |  4- 6 |  7- 9 || total
---------------------------+-------+-------+-------++-------
  Melee: Unarmed           |    94 |   110 |   187 ||   391
         Constrict         |    21 |    30 |    39 ||    90
         Tentacles         |    14 |    27 |    41 ||    82
         Punch             |     4 |    11 |     4 ||    19
  Throw: Dart              |       |     2 |    29 ||    31
         Javelin           |       |       |     1 ||     1
  Evoke: Wand              |       |     1 |    26 ||    27
   Stab: Sleeping          |    10 |     4 |     2 ||    16
         Distracted        |       |       |     1 ||     1
 Armour: Skin              |     6 |    18 |    23 ||    47
  Dodge: Dodged            |    72 |    47 |   132 ||   251
  Block: Other             |     7 |    33 |    55 ||    95
         Reflection        |       |     1 |     2 ||     3

Table legend: (Time is in decaauts)
 A = Elapsed time spent in this place.
 B = Non-inter-level travel time spent in this place.
 C = Inter-level travel time spent in this place.
 D = Time resting spent in this place.
 E = Time spent auto-exploring this place.
 F = Levels seen in this place.
 G = Mean time per level.
                   A        B        C        D        E       F      G
               +--------+--------+--------+--------+--------+-----+--------+
         Total |   5921 |   5761 |    160 |    138 |   4464 |   8 |  740.1 |
       Dungeon |   5572 |   5412 |    160 |      0 |   4442 |   7 |  796.0 |
        Bailey |    349 |    349 |      0 |    138 |     22 |   1 |  349.0 |
               +--------+--------+--------+--------+--------+-----+--------+

Top non-repeatable levels by time:
     D:5: 1331 daAuts
     D:6: 1183 daAuts
     D:4: 912 daAuts
     D:1: 817 daAuts
     D:3: 611 daAuts
     D:2: 589 daAuts
  Bailey: 349 daAuts
     D:7: 127 daAuts
